cohdb
Replays
Latest Replays
All Replays
Popular Replays
Top Player Replays
Match Explorer
How It Works
Community
CoH3 Stats
Reddit
Sign in to upload your games and track your stats! →
Sign in with Steam
Match 42199488
Unlisted
Match 42199488
Overview
Messages
Build Orders
End
Panzergrenadier Squad
250 Light Carrier
Selects Panzerjäger Kommand Battlegroup
Selects Blockade Equipment
Panzergrenadier Squad
Panzergrenadier Squad
Construct Light Support Kompanie
2.5-tonne Medical Truck
Panzerjäger Mechanized Group
Selects Defensive Positions
Fire Support Elements
Panzergrenadier Squad
Combat Half-tracks
Selects Tank Busters
Selects Crew Shock Tactics
Construct Panzerarmee Kommand
Panzer III L Medium Tank
Panzer III L Medium Tank
Advanced Field Repairs
Panzer III L Medium Tank
Walking Stuka Rocket Launcher
Skyline
這粥好鹹
RunningWithFate
Onoyk
0
0
Comments
sign in to comment!
No comments posted yet!